Map: Amygdala

Players

StonedJeezus

  • Race: Zerg Zerg
  • League: Master
  • Spawn Location: 1:00

Starunicorns - Winner!

  • Race: Protoss Protoss
  • League: Gold
  • Spawn Location: 7:00

VOD

https://youtu.be/DWCwld0mYV8

Description

Time

  • Played on: Feb. 25, 2025, 5:49 p.m.
  • Length: 19:25
Show
View Real Time Build Order
Export as new Build Order

StonedJeezus Zerg 

Build Orders: 1 Base Baneling Bust, Pool First, Zergling Baneling 

Get SALT Encoding   

  12  0:10  Drone x2  
  14  0:15  Extractor  
  14  0:17  Drone  
  14  0:37  Spawning Pool  
  14  0:39  Drone  
  14  0:52  Overlord  
  14  1:14  Drone, Overlord  
  14  1:15  Drone  
  16  1:25  Queen  
  16  1:30  Drone  
  19  1:46  Metabolic Boost  
  19  1:50  Zergling x4  
  21  2:01  Baneling Nest  
  20  2:03  Drone  
  21  2:13  Drone  
  22  2:25  Zergling x2  
  23  2:33  Zergling x6  
  26  2:39  Zergling x2  
  26  2:42  Zergling x2  
  28  2:55  Zergling x2  
  29  3:09  Zergling x2  
  29  3:10  Overlord x2  
  28  3:57  Hatchery  
  28  3:59  Hatchery, Baneling  
  28  4:00  Baneling x4  
  28  4:01  Baneling x7  
  27  4:02  Zergling x2  
  27  4:03  Zergling x4  
  25  4:26  Baneling x2  
  25  4:27  Baneling x3  
  25  4:28  Zergling x6  
  25  4:29  Zergling x2  
  27  4:41  Baneling x3  
  25  4:54  Baneling  
  25  4:56  Zergling x6  
  28  5:04  Spore Crawler  
  25  5:17  Baneling x3  
  25  5:20  Drone  
  26  5:21  Drone  
  26  5:22  Drone  
  26  5:26  Zergling x6  
  26  5:44  Zergling x2  
  26  5:45  Zergling x8  
  27  5:54  Drone x2  
  27  6:11  Spore Crawler  
  27  6:17  Zergling x2  
  27  6:18  Zergling x6  
  28  6:30  Drone  
  28  6:32  Drone x2  
  31  6:39  Drone  
  32  6:46  Drone  
  32  6:47  Drone  
  34  6:50  Drone  
  35  6:56  Drone  
  36  7:08  Lair  
  36  7:11  Drone x3  
  36  7:14  Extractor  
  36  7:15  Drone  
  39  7:20  Drone x2  
  41  7:26  Drone  
  41  7:27  Drone x2  
  44  7:39  Extractor  
  44  7:40  Extractor  
  44  7:42  Spore Crawler  
  41  7:45  Spore Crawler  
  41  7:49  Spine Crawler  
  39  7:58  Queen  
  41  8:11  Spine Crawler  
  41  8:12  Drone  
  41  8:13  Drone x2  
  41  8:16  Queen  
  45  8:24  Drone x2  
  47  8:37  Overseer  
  47  8:43  Drone x3  
  50  9:01  Spire  
  49  9:06  Hydralisk Den  
  49  9:07  Drone x2  
  49  9:08  Overlord x2  
  49  9:15  Spore Crawler  
  49  9:16  Drone  
  46  9:56  Hydralisk x2  
  46  9:58  Overlord x4  
  49  10:01  Overlord  
  49  10:17  Infestation Pit  
  48  10:22  Extractor  
  48  10:23  Extractor  
  48  10:26  Hydralisk x2  
  48  10:27  Hydralisk x6  
  48  10:28  Hydralisk  
  60  10:42  Zergling x6  
  60  10:51  Drone x5  
  65  11:03  Overseer x2  
  65  11:08  Grooved Spines  
  65  11:09  Neural Parasite  
  65  11:18  Drone x5  
  68  11:46  Corruptor x2  
  72  11:47  Evolution Chamber x2  
  70  11:58  Muscular Augments  
  70  12:03  Overlord  
  70  12:07  Hatchery  
  69  12:09  Drone x3  
  69  12:11  Drone  
  69  12:15  Drone  
  74  12:17  Drone  
  74  12:20  Drone  
  74  12:21  Drone  
  77  12:28  Drone x2  
  79  12:41  Corruptor, Extractor  
  79  12:42  Corruptor  
  82  12:47  Zerg Missile Weapons Level 1  
  82  12:53  Zerg Flyer Weapons Level 1  
  82  13:04  Drone x5  
  82  13:05  Drone  
  88  13:08  Zerg Ground Armor Level 1  
  88  13:13  Corruptor  
  88  13:18  Corruptor  
  92  13:25  Queen  
  94  13:31  Drone  
  94  13:32  Drone x2  
  94  13:33  Drone x2  
  99  13:35  Drone  
  99  13:36  Drone  
  101  13:43  Drone  
  102  13:52  Infestor  
  104  13:55  Overlord  
  104  13:56  Overlord x4  
  104  14:03  Overlord x2, Extractor  
  104  14:05  Overlord  
  103  14:26  Infestor x5  
  103  14:27  Infestor x4  
  103  14:30  Infestor  
  123  14:32  Infestor  
  123  14:35  Infestor  
  127  14:42  Zerg Missile Weapons Level 2  
  127  14:56  Infestor  
  127  14:57  Infestor x5  
  139  15:03  Drone x5  
  144  15:16  Roach Warren  
  144  15:17  Burrow  
  143  15:25  Zerg Flyer Armor Level 1  
  143  15:27  Corruptor x4  
  151  15:30  Drone x2  
  151  15:32  Drone  
  154  15:49  Overlord x5  
  154  15:50  Overlord x2  
  154  15:54  Zerg Ground Armor Level 2  
  151  16:27  Roach  
  151  16:28  Roach x2  
  151  16:29  Roach x6  
  151  16:30  Roach  
  151  16:31  Roach x5  
  151  16:32  Roach x4  
  189  16:33  Roach  
  167  17:29  Hydralisk x3  
  109  17:30  Hydralisk x11  
  109  17:31  Corruptor x2  
  109  17:32  Corruptor x4  
  95  17:58  Hydralisk  
  95  17:59  Hydralisk  
  95  18:01  Corruptor x4  
  95  18:02  Corruptor x2  
  104  18:18  Corruptor x2  
  104  18:19  Corruptor  
  64  18:44  Corruptor x2  
  64  18:45  Corruptor x3  
  66  18:54  Corruptor  
Show
View Real Time Build Order
Export as new Build Order

Starunicorns Protoss - Winner!

Build Orders: Carriers 

Get SALT Encoding   

  12  0:01  Probe  
  13  0:14  Pylon  
  13  0:18  Probe  
  14  0:36  Gateway  
  14  0:38  Probe  
  15  0:45  Assimilator  
  15  0:46  Probe  
  15  0:56  Probe  
  17  1:08  Probe  
  18  1:20  Probe  
  19  1:26  Cybernetics Core  
  19  1:32  Probe  
  20  1:45  Probe  
  20  1:46  Gateway  
  21  1:48  Forge  
  21  1:53  Pylon  
  21  2:07  Stalker  
  23  2:17  Pylon  
  23  2:29  Photon Cannon  
  23  2:41  Nexus  
  23  2:52  Assimilator  
  23  2:55  Stargate  
  23  3:02  Adept  
  25  3:05  Adept  
  25  3:11  Probe  
  28  3:23  Probe  
  28  3:34  Shield Battery  
  28  3:35  Probe  
  29  3:47  Photon Cannon  
  29  3:51  Photon Cannon  
  26  3:55  Probe  
  26  4:03  Oracle  
  26  4:07  Probe  
  26  4:08  Photon Cannon  
  30  4:19  Probe  
  31  4:24  Photon Cannon  
  31  4:32  Probe  
  32  4:39  Cybernetics Core  
  32  4:40  Probe  
  33  4:47  Gateway  
  33  4:48  Probe  
  34  4:56  Probe  
  34  4:57  Oracle  
  37  5:04  Probe  
  38  5:09  Assimilator  
  38  5:13  Probe, Pylon  
  40  5:22  Gateway  
  40  5:24  Probe  
  39  6:18  Probe  
  40  6:23  Fleet Beacon  
  40  6:26  Stargate  
  40  6:29  Stargate  
  40  6:30  Probe  
  41  6:33  Pylon  
  41  6:36  Pylon  
  41  6:37  Assimilator  
  41  6:40  Robotics Facility, Pylon  
  41  6:42  Probe  
  42  6:50  Shield Battery  
  42  6:54  Probe  
  43  7:06  Probe  
  44  7:18  Probe  
  42  7:27  Warp Prism  
  44  7:30  Probe  
  44  7:31  Carrier x2  
  44  7:34  Warp Gate  
  57  7:43  Probe  
  58  7:55  Probe, Pylon  
  59  8:19  Nexus  
  59  8:36  Carrier x2, Pylon  
  59  8:37  Pylon  
  71  8:49  Adept  
  71  8:50  Nexus  
  71  8:52  Pylon  
  72  9:09  Observer  
  73  9:19  Protoss Air Weapons Level 1  
  73  9:24  Gateway  
  73  9:25  Gateway  
  73  9:28  Gateway  
  73  9:31  Twilight Council  
  73  9:33  Gateway  
  73  9:36  Probe  
  74  9:48  Probe  
  75  10:00  Probe  
  75  10:05  Photon Cannon x2  
  76  10:08  Photon Cannon  
  76  10:09  Shield Battery, Photon Cannon, Probe  
  76  10:11  Gateway  
  77  10:17  Probe  
  77  10:19  Assimilator  
  77  10:23  Assimilator  
  77  10:27  Probe  
  78  10:29  Carrier  
  84  10:39  Probe  
  84  10:47  Probe  
  84  10:55  Probe  
  86  11:04  Nexus  
  86  11:05  Probe, Pylon  
  86  11:08  Pylon  
  87  11:15  Zealot x4  
  87  11:16  Zealot x2  
  87  11:17  Probe  
  100  11:20  Charge  
  100  11:24  Protoss Ground Weapons Level 1  
  100  11:27  Carrier  
  94  11:54  Gateway  
  94  11:56  Gateway  
  94  11:59  Shield Battery  
  94  12:00  Photon Cannon  
  94  12:03  Photon Cannon  
  94  12:09  Shield Battery  
  94  12:14  Probe  
  94  12:15  Nexus  
  94  12:22  Probe  
  96  12:32  Probe  
  97  12:39  Probe  
  97  12:43  Carrier  
  97  12:44  Probe  
  105  12:50  Templar Archives  
  106  12:51  Probe  
  106  12:56  Probe  
  107  13:03  Probe  
  108  13:07  Psionic Storm  
  108  13:08  Probe  
  108  13:09  Protoss Air Weapons Level 2  
  109  13:14  Carrier  
  109  13:15  Probe  
  109  13:17  Carrier  
  122  13:20  Probe  
  123  13:27  Probe  
  123  13:28  High Templar  
  123  13:29  High Templar  
  123  13:30  High Templar  
  123  13:31  High Templar  
  123  13:32  Probe, Protoss Ground Weapons Level 2  
  123  13:33  High Templar  
  123  13:34  High Templar  
  137  13:35  High Templar  
  137  13:40  Archon  
  139  13:55  High Templar  
  141  14:03  Probe  
  142  14:11  Probe  
  142  14:12  Probe  
  144  14:19  High Templar x2  
  144  14:20  Assimilator  
  144  14:21  Probe  
  144  14:22  Assimilator  
  144  14:23  Archon  
  150  14:24  Probe  
  150  14:27  Zealot x4  
  158  14:33  Probe  
  158  14:36  Probe  
  160  14:42  Carrier  
  167  14:45  Probe  
  167  14:46  Carrier  
  167  14:48  Probe  
  166  15:00  Probe  
  166  15:01  Zealot  
  166  15:02  Zealot x5  
  179  15:08  Pylon  
  179  15:18  Pylon  
  179  15:21  Pylon  
  179  15:22  Pylon  
  179  15:24  Pylon  
  179  15:26  Observer  
  180  15:31  Pylon  
  180  15:32  High Templar x2  
  180  15:33  High Templar, Pylon  
  186  15:36  Archon  
  186  15:43  Observer  
  187  15:50  Protoss Shields Level 1  
  187  16:04  Protoss Air Weapons Level 3  
  187  16:11  Zealot x4  
  189  16:12  Zealot x2  
  185  16:54  Stargate  
  185  16:56  Stargate  
  185  17:02  Gateway  
  185  17:09  Assimilator, Robotics Facility  
  185  17:12  Assimilator  
  185  17:13  Photon Cannon  
  185  17:16  Photon Cannon  
  185  17:18  Photon Cannon  
  185  17:19  Photon Cannon  
  165  17:41  Carrier x2  
  174  17:49  Zealot x2  
  174  17:50  Zealot x2  
  174  17:51  Zealot x4  
  184  17:52  Zealot x2  
  174  18:28  Archon  
  156  18:42  Zealot x3  
  156  18:43  Zealot x6  
  156  18:44  Zealot x2  
  190  19:00  Gateway  
  184  19:05  Observer  
  185  19:11  Pylon  
Tags
 
Add a new tag
Caveats
  • Supply blocks, unpowered buildings, or Contaminate may cause inaccurate times.
  • Supply counts are checked every 10 seconds.